Map: Acropolis LE

Players

Mez - Winner!

  • Race: Terran Terran
  • League: Master
  • Spawn Location: 5:00

sepulcka

  • Race: Protoss Protoss
  • League: Master
  • Spawn Location: 11:00

VOD

Have the link to the VOD?

Description

Time

  • Played on: Sept. 3, 2019, 1:58 a.m.
  • Length: 12:26
Show
View Real Time Build Order
Export as new Build Order

Mez Terran - Winner!

Build Orders: Reaper Expand 

Get SALT Encoding   

  12  0:00  SCV  
  13  0:13  SCV  
  14  0:17  Supply Depot  
  14  0:25  SCV  
  15  0:38  SCV  
  15  0:40  Barracks  
  16  0:44  Refinery  
  16  0:50  SCV  
  17  1:02  SCV  
  18  1:16  SCV  
  19  1:28  Orbital Command, Reaper  
  20  1:45  Command Center  
  20  1:51  Bunker  
  20  1:53  Supply Depot  
  20  1:58  SCV  
  21  2:02  Marine  
  22  2:10  SCV  
  23  2:37  Barracks Reactor  
  23  2:38  SCV  
  24  2:49  Command Center  
  24  2:51  SCV  
  25  2:52  Factory  
  25  2:58  Orbital Command, Refinery  
  25  3:09  SCV  
  26  3:13  Marine x2  
  28  3:21  SCV  
  28  3:26  SCV  
  29  3:32  Marine x2  
  29  3:33  SCV  
  32  3:36  Widow Mine  
  32  3:39  Starport, SCV  
  35  3:46  SCV  
  36  3:50  Marine x2  
  36  3:51  SCV  
  36  3:55  Barracks  
  39  3:58  SCV  
  40  4:03  SCV  
  40  4:05  Widow Mine  
  40  4:08  Orbital Command  
  40  4:09  Refinery  
  43  4:10  SCV  
  43  4:15  SCV  
  45  4:17  Starport Tech Lab  
  45  4:20  Marine x2  
  45  4:22  Supply Depot, SCV  
  48  4:26  Barracks  
  48  4:27  SCV  
  48  4:29  Factory Tech Lab  
  49  4:33  SCV  
  49  4:35  SCV  
  51  4:38  Marine  
  51  4:39  Raven  
  54  4:50  Supply Depot  
  54  4:53  Stimpack  
  54  4:54  Marine x2  
  54  4:55  SCV x2  
  54  4:56  Factory Reactor, Marine  
  54  4:57  SCV  
  54  4:59  Refinery  
  60  5:10  SCV x2  
  60  5:11  Marine, SCV  
  60  5:12  Supply Depot  
  64  5:19  Engineering Bay  
  64  5:20  Engineering Bay  
  64  5:22  SCV x2  
  66  5:32  Marauder, Marine x2  
  66  5:34  Combat Shield  
  70  5:38  Factory Reactor, SCV x2  
  65  5:52  Marauder, Marine x2  
  65  5:53  Marauder, Medivac x2  
  75  6:08  Supply Depot  
  75  6:10  Supply Depot, Terran Infantry Armor Level 1, Terran Infantry Weapons Level 1  
  75  6:11  Marine x2  
  75  6:13  Marine  
  75  6:14  Marine  
  75  6:29  Medivac x2  
  75  6:30  Widow Mine, Orbital Command  
  75  6:31  Barracks  
  81  6:33  Barracks  
  81  6:45  Marauder x2, Marine x2  
  87  6:50  SCV x2  
  87  6:52  Supply Depot  
  87  6:53  Supply Depot  
  89  6:56  SCV  
  89  6:59  Supply Depot  
  89  7:00  Widow Mine  
  92  7:02  SCV x2  
  94  7:08  SCV  
  94  7:09  Concussive Shells  
  94  7:10  Marauder x2  
  94  7:12  Marine  
  94  7:14  SCV  
  101  7:20  Barracks Reactor  
  101  7:21  Barracks Tech Lab, Marine  
  102  7:23  SCV x2  
  102  7:29  Supply Depot x2  
  101  7:32  Marine  
  101  7:33  Marauder x2  
  106  7:39  Marine  
  97  7:47  Marauder  
  97  7:50  Widow Mine, Marine  
  97  7:51  Widow Mine  
  103  7:53  SCV x3  
  103  7:54  Marauder, Marine  
  103  7:55  Armory  
  103  7:56  Barracks x2  
  109  7:58  Barracks  
  109  7:59  Supply Depot, Refinery  
  109  8:01  Refinery  
  109  8:02  Ghost Academy  
  109  8:09  Marauder, Marine x3  
  109  8:11  Medivac x2  
  118  8:17  SCV x3  
  119  8:33  Marauder, Marine x4  
  121  8:39  Marauder x2  
  115  8:43  Widow Mine x2  
  115  8:48  Marine x3  
  111  8:51  Medivac x2, Marine x4  
  111  8:54  Marine  
  116  8:59  Marine x2  
  117  9:05  Terran Infantry Armor Level 2, Terran Infantry Weapons Level 2  
  117  9:06  Barracks Tech Lab  
  117  9:07  Barracks Tech Lab, Command Center  
  117  9:08  Supply Depot x2  
  116  9:11  Barracks Tech Lab, Marine  
  116  9:12  Marine x2  
  119  9:22  Medivac  
  119  9:23  Medivac  
  123  9:34  Supply Depot, Enhanced Shockwaves  
  123  9:37  Supply Depot  
  123  9:39  Widow Mine x2  
  116  9:55  Marauder x6, Marine x2  
  107  10:14  Marine x4  
  107  10:15  Ghost x3  
  107  10:16  Marine  
  107  10:17  Marauder x2  
  122  10:33  Liberator  
  122  10:35  Marine  
  122  10:36  Marine x3  
  122  10:39  Planetary Fortress  
  122  10:40  Starport  
  122  10:41  Starport  
  126  10:48  Refinery  
  126  10:50  Fusion Core  
  130  10:57  SCV x2  
  130  10:59  Liberator  
  130  11:02  Refinery  
  131  11:15  Widow Mine x2  
  137  11:18  Starport Reactor  
  130  11:31  Marauder x6, Marine x4  
  146  11:45  Starport Tech Lab  
  146  11:49  Marine x3  
Show
View Real Time Build Order
Export as new Build Order

sepulcka Protoss 

Build Orders: Chargelot Immortal 

Get SALT Encoding   

  12  0:00  Probe  
  13  0:12  Probe  
  14  0:18  Pylon  
  14  0:24  Probe  
  15  0:32  Probe  
  15  0:40  Probe  
  15  0:41  Gateway  
  16  0:46  Assimilator  
  17  0:51  Probe  
  18  0:59  Probe  
  19  1:06  Pylon  
  19  1:07  Probe  
  19  1:17  Probe  
  21  1:28  Cybernetics Core, Zealot  
  23  1:48  Nexus  
  23  1:50  Probe  
  24  1:55  Adept  
  24  2:00  Assimilator  
  24  2:05  Warp Gate  
  26  2:09  Probe  
  27  2:33  Probe  
  27  2:45  Probe, Stalker  
  27  2:50  Robotics Facility  
  30  2:52  Forge  
  30  2:54  Pylon  
  30  2:58  Probe  
  31  3:07  Probe  
  31  3:08  Probe  
  33  3:15  Probe  
  33  3:16  Probe, Sentry  
  36  3:24  Probe  
  36  3:26  Probe  
  37  3:30  Protoss Ground Weapons Level 1  
  37  3:34  Gateway  
  39  3:36  Probe  
  39  3:37  Observer  
  39  3:38  Probe  
  39  3:39  Gateway  
  43  3:48  Probe  
  43  3:50  Gateway  
  43  3:53  Observer  
  43  3:54  Pylon, Probe  
  45  4:03  Probe  
  45  4:06  Probe  
  45  4:07  Sentry  
  49  4:12  Pylon  
  49  4:13  Warp Prism  
  49  4:14  Probe  
  49  4:15  Probe  
  50  4:22  Probe  
  53  4:27  Probe  
  53  4:28  Assimilator  
  53  4:31  Assimilator  
  55  4:32  Probe  
  55  4:35  Sentry  
  58  4:39  Probe  
  58  4:40  Observer  
  58  4:43  Twilight Council  
  58  4:44  Probe  
  60  4:45  Zealot  
  60  4:51  Probe  
  63  4:57  Probe  
  63  4:58  Stalker x2  
  63  4:59  Zealot  
  70  5:08  Pylon  
  70  5:10  Pylon  
  70  5:26  Probe x2  
  71  5:28  Stalker x2  
  71  5:30  Stalker x2  
  79  5:38  Probe, Protoss Ground Weapons Level 2  
  78  5:46  Immortal  
  72  5:54  Nexus  
  72  5:56  Pylon  
  76  6:16  Immortal, Charge  
  76  6:17  Observer, Probe x2  
  78  6:29  Pylon, Probe  
  78  6:30  Probe  
  78  6:31  Pylon  
  84  6:40  Zealot  
  84  6:41  Probe  
  84  6:42  Probe  
  88  6:48  Templar Archives  
  88  6:51  Zealot x2  
  88  6:53  Zealot  
  88  6:54  Probe x2  
  96  6:56  Immortal  
  100  7:01  Zealot  
  100  7:06  Probe  
  100  7:08  Gateway  
  103  7:09  Gateway  
  103  7:11  Pylon  
  101  7:32  Zealot  
  101  7:33  Zealot x3  
  107  7:40  Immortal  
  101  7:46  Psionic Storm, Probe  
  101  7:47  Probe  
  101  7:48  Probe  
  104  7:53  High Templar x3  
  104  7:54  Zealot  
  112  7:59  Probe x2  
  112  8:00  Probe  
  112  8:02  Assimilator  
  115  8:06  Photon Cannon x2, Assimilator  
  115  8:08  Photon Cannon  
  115  8:09  Stalker  
  115  8:10  Pylon, Stalker  
  115  8:12  Probe  
  120  8:13  Probe  
  120  8:14  Probe  
  122  8:22  Zealot  
  122  8:24  Probe  
  122  8:26  Probe x2  
  115  8:37  Protoss Ground Weapons Level 3  
  115  8:38  Zealot x4  
  115  8:39  Zealot  
  107  8:46  Immortal  
  97  8:50  Zealot  
  93  8:59  High Templar x4  
  93  9:00  Zealot  
  103  9:15  High Templar  
  105  9:18  Nexus  
  105  9:20  Pylon  
  105  9:22  Gateway  
  105  9:23  Gateway x2  
  105  9:26  High Templar  
  105  9:31  Immortal, Zealot x3, Archon  
  105  9:32  Zealot  
  105  9:33  Probe  
  114  9:39  Pylon  
  112  9:58  Stalker  
  112  9:59  Stalker x5  
  120  10:02  Archon  
  120  10:10  Immortal  
  118  10:20  Shield Battery  
  118  10:21  Shield Battery  
  122  10:22  Zealot x2, High Templar x2  
  122  10:23  Zealot x4  
  122  10:24  Zealot  
  122  10:25  Probe x3  
  122  10:27  Archon  
  143  10:37  Probe  
  143  10:41  Photon Cannon  
  144  10:44  Assimilator  
  144  10:45  Photon Cannon  
  144  10:48  Assimilator  
  144  10:50  Photon Cannon  
  144  10:51  Shield Battery, Photon Cannon  
  144  10:52  Photon Cannon  
  144  10:53  Warp Prism  
  144  10:55  Photon Cannon  
  144  10:58  Shield Battery, Probe  
  147  11:07  Zealot, Stalker  
  149  11:23  Nexus  
  149  11:30  High Templar  
  149  11:31  High Templar x3  
  157  11:35  Pylon  
  157  11:36  Pylon  
  157  11:37  Pylon  
  157  11:41  Archon x2  
  157  11:46  Pylon  
  157  11:53  Probe  
  152  12:03  Archon  
  140  12:13  Zealot  
  140  12:14  Zealot x4  
Tags
 
Add a new tag
Caveats
  • Supply blocks, unpowered buildings, or Contaminate may cause inaccurate times.
  • Supply counts are checked every 10 seconds.